[Event "*** Titled Tuesday Blitz"]
[Site "Chess.com"]
[Date "2019.02.05"]
[Round "2"]
[White "TheBigBoss04"]
[Black "schoolmeester"]
[Result "1/2-1/2"]
[WhiteElo "2541"]
[BlackElo "2721"]
[TimeControl "180+2"]
[EndTime "13:24:48 PST"]
[Termination "Game drawn by agreement"]

1. b3 d5 2. Bb2 Bf5 3. Nf3 e6 4. g3 Nf6 5. Bg2 c6 6. O-O Nbd7 7.
c4 Bd6 8. d3 Qe7 9. a3 O-O 10.
Nbd2 e5 11. Qc2 h6 12. e4 Bh7 13. exd5 cxd5 14. Rfe1 Rac8 15. Qc3 d4 16. Nxd4 Nc5 17. Nb5 Nxd3 18. Nxd6 Qxd6 19. Re3 Rcd8 20. Ne4 Bxe4 21.
Bxe4 Nxb2 22. Qxb2 Nxe4 23. Rxe4 f6 24. Rc1 Rd7 25. c5 Qc6 26. Rec4 Rfd8 27. Qe2 Rd2 28. Qe1 Rb2 29. Rd1 Rd5 30. b4 Qd7 31. Rcc1 Rdd2 32.
Rxd2 Rxd2 33. b5 Rd5 34. c6 bxc6 35. bxc6 Qc7 36. Qb4 Rd8 37. Qb7 Rc8 38. Kg2 Kh7 39. a4 a5 40. Qxc7 Rxc7 41. Kf3 f5 42. g4 Kg6 43.
gxf5+ Kxf5 44. Rc5 g5 45. Ke3 h5 46. h3 g4 47. hxg4+ Kxg4 48. Ke4 h4 49. Kd5 h3 50.
Kd6 h2 51. Rc1 Rh7 52. c7 Rh8 53. Rh1 Kh3 54. Kxe5 Kg2 55. Rxh2+ Kxh2 56. Kd6 Kg2 57. Kd7 Rh7+ 58. Kc6 Rh8 59. Kb7 Kxf2 60. c8=Q Rxc8 61. Kxc8 Ke3 62. Kc7 Kd4 63. Kb6 Kd5 64. Kxa5 Kc6 65. Ka6 Kc7 66. Ka7 Kc8 67. a5 Kc7 68. a6 Kc8 1/2-1/2

[Event "*** Titled Tuesday Blitz"]
[Site "Chess.com"]
[Date "2019.02.05"]
[Round "2"]
[White "metra93"]
[Black "snowlord"]
[Result "1/2-1/2"]
[WhiteElo "2541"]
[BlackElo "2712"]
[TimeControl "180+2"]
[EndTime "13:24:50 PST"]
[Termination "Game drawn by repetition"]

1. d4 Nf6 2. c4 g6 3. Nc3 d5 4.
Bg5 Bg7 5. Bxf6 Bxf6 6. cxd5 c5 7. dxc5 Na6 8. e4 Nxc5 9. Bb5+ Bd7 10. Bxd7+ Qxd7 11. Nge2 O-O 12. O-O b5 13. b4 Na6 14. a3 Rac8 15.
Qd3 Rc4 16. Rac1 Rfc8 17. Rfd1 g5 18. Qe3 h6 19. e5 Bg7 20. h3 g4 21. hxg4 Qxg4 22.
Rd4 Rxd4 23. Nxd4 Nc7 24. Nc6 Bf8 25. Qc5 Qg5 26. Re1 Re8 27. e6 fxe6 28. dxe6 Qxc5 29.
bxc5 a6 30. Nb4 Rd8 31. Ne4 Bg7 32. Nc6 Re8 33. Ng3 Kf8 34. Nf5 Bf6 35. Nxh6 Nd5 36. Ng4 Rc8 37. Nxf6 Nxf6 38. Nb4 a5 39. Nd3 Rd8 40.
Ne5 Rd5 41. c6 Kg7 42. Rc1 Rd8 43. c7 Rc8 44. Nd7 Nd5 45. Rc5 Nxc7 46. Nb6 Rb8 47. Rxc7 Rxb6 48. Rxe7+ Kf6 49. Ra7 b4 50. e7 Kf7 51. axb4 axb4 52. Ra2 Kxe7 53. f3 b3 54. Rb2 Kd6 55. Kf2 Kd5 56. g4 Kc4 57. g5 Kc3 58. Rb1 b2 59. f4 Kc2 60. Re1 Re6 61. Rh1 Rd6 62. Kf3 Rd1 63. Rh2+ Rd2 64. Rh1 Rd1 65. Rh2+ Rd2 66. Rh1 Rd3+ 67. Kg4 Rd1 68. Rh2+ Rd2 69. Rh1 Rd1 70. Rh2+ Rd2 71. Rh1 Rd1 72. Rh2+ Rd2 73. Rh1 Rd1 74. Rh2+ Rd2 75. Rh1 Rd1 1/2-1/2

[Event "*** Titled Tuesday Blitz"]
[Site "Chess.com"]
[Date "2019.02.05"]
[Round "2"]
[White "ITheOnlyME"]
[Black "jerry_77"]
[Result "1/2-1/2"]
[WhiteElo "2275"]
[BlackElo "2431"]
[TimeControl "180+2"]
[EndTime "13:24:54 PST"]
[Termination "Game drawn by repetition"]

1. d4 Nf6 2. Bf4 d5 3. e3 e6 4. Nf3 c5 5. c3 Nc6 6. Nbd2 Bd6 7. Bg3 O-O 8. Bd3 Re8 9. Ne5 Qc7 10. f4 cxd4 11.
exd4 g6 12. O-O Nh5 13. Bh4 Kg7 14. Qg4 f5 15. Qe2 Nxe5 16. fxe5 Be7 17. g4 Bxh4 18. gxh5 Bd7 19. hxg6 hxg6 20. Nf3 Rh8 21. Kh1 Rh6 22. Rg1 Rah8 23. Rg2 Be8 24. Rag1 Qe7 25. Bb5 Bf7 26. c4 Kf8 27. cxd5 exd5 28. Rc1 g5 29. Qd2 g4 30. Rc8+ Kg7 31. Nxh4 Rxh4 32. Rxh8 Rxh8 33. Qf4 Be6 34.
Bd3 Rh5 35. Kg1 Qb4 36. Kf1 Qe7 37. a3 Qg5 38. Qxg5+ Rxg5 39. Kf2 Rh5 40. Ke3 Rh3+ 41. Ke2 f4 42. Kd2 Kh6 43. Bc2 Kg5 44. Bd1 f3 45. Rf2 Kf4 46. b4 Rh8 47. Kd3 Bf5+ 48. Kd2 Be4 49. a4 Rxh2 50. Rxh2 g3 51. Rh4+ Kg5 52. Rh8 g2 53. Rg8+ Bg6 54. Bc2 f2 55. Rxg6+ Kh5 56. Rxg2 f1=Q 57. Re2 Qf4+ 58. Kc3 Qf3+ 59.
Kd2 Qa3 60. b5 Qb4+ 61. Ke3 Kg5 62. e6 Kf6 63. Kf3 Qc3+ 64. Re3 Qxc2 65. e7 Qf5+ 66. Ke2 Qc2+ 67. Ke1 Qc1+ 68. Ke2 Qc2+ 69. Ke1 Qb1+ 70.
Ke2 Qc2+ 71. Ke1 Qc1+ 72. Ke2 Qc2+ 73. Ke1 Qc1+ 74. Ke2 Qc2+ 1/2-1/2

[Event "*** Titled Tuesday Blitz"]
[Site "Chess.com"]
[Date "2019.02.05"]
[Round "2"]
[White "Naruto-K"]
[Black "Lagmantr"]
[Result "0-1"]
[WhiteElo "2352"]
[BlackElo "2504"]
[TimeControl "180+2"]
[EndTime "13:24:55 PST"]
[Termination "Lagmantr won by resignation"]

1. d4 Nf6 2. Bf4 c5 3. d5 g6 4. Nc3 Bg7 5. e4 d6 6. Nf3 O-O 7. Be2 a6 8. a4 e6 9. dxe6 Bxe6 10. Qxd6 Qa5 11. O-O Nc6 12. Qc7 Qb4 13. Bd2 Rac8 14.
Qf4 Nh5 15. Qh4 Nd4 16. Rab1 Nxe2+ 17. Nxe2 Qxa4 18. Bc3 Qxc2 19. Bxg7 Nxg7 20. Nc3 h5 21. Rfc1 Qb3 22. Qf4 Bg4 23. Ne5 Qe6 24. h3 Rfe8 25.
Nd3 Qd7 26. Ne5 Qd6 27. Nxg6 Qxg6 28. hxg4 Qxg4 29. Qxg4 hxg4 30. Rd1 b5 31. Nd5 Nh5 32. f3 gxf3 33. gxf3 Kf8 34. Kf2 Re5 35. Rh1 Rd8 36.
f4 Rexd5 37. exd5 Rxd5 38. Kf3 Nf6 39. Rbd1 Rxd1 40. Rxd1 Ke7 41. Ke3 Ke6 42. Kf3 Nd5 43.
f5+ Ke5 44. Ra1 Nb4 45. Kg4 c4 46. Re1+ Kf6 47. Rh1 Nd3 48. Rh6+ Ke5 49. Rxa6 Nxb2 50.
Rb6 Kd4 51. Rxb5 c3 52. Rb8 c2 53. Rxb2 c1=Q 54. Rf2 Qg1+ 55. Kf3 Qg5 56. Ke2 Qg4+ 57.
Kf1 Ke3 58. f6 Qd1+ 59. Kg2 Qd5+ 60. Kf1 Qd1+ 61. Kg2 Qg4+ 62. Kf1 Qh4 63. Re2+ Kf3 64. Rf2+ 0-1

[Event "*** Titled Tuesday Blitz"]
[Site "Chess.com"]
[Date "2019.02.05"]
[Round "2"]
[White "sergoy"]
[Black "Artur0208"]
[Result "1-0"]
[WhiteElo "2815"]
[BlackElo "2641"]
[TimeControl "180+2"]
[EndTime "13:24:57 PST"]
[Termination "sergoy won by resignation"]

1. d4 d5 2. c4 e6 3. Nf3 Nf6 4.
Nc3 Be7 5. g3 dxc4 6. Bg2 Nc6 7.
Qa4 O-O 8. Qxc4 a6 9. O-O Nb4 10. Qb3 Nbd5 11. Ne5 c5 12. dxc5 Bxc5 13. Bg5 h6 14.
Nxd5 hxg5 15. Nc3 Qc7 16. Nd3 Ba7 17. Rac1 Qe7 18. Na4 Rb8 19. Nb6 Bd7 20. Nxd7 Qxd7 21.
Nc5 Qe7 22. Nd3 Rfd8 23. Rc4 Rd6 24. Rfc1 Ne8 25. Rc8 Rd8 26. Rxd8 Qxd8 27. Qb4 Nd6 28. Bf3 Nf5 29. Kf1 Nd4 30. Bg2 Qf6 31. Qd6 Nf5 32. Qe5 Ne3+ 33. Kg1 Nxg2 34. Kxg2 Rd8 35. Qxf6 gxf6 36.
Rc7 Rb8 37. h4 Bb6 38. Rc4 Kg7 39. a4 a5 40. Rc3 Bd4 41. Rc4 Rd8 42. Rc7 b6 43.
hxg5 fxg5 44. b3 Bf6 45. Rb7 Bd4 46. Kf3 Kg6 47. g4 f5 48. Re7 Kf6 49. Rb7 Rc8 50. gxf5 exf5 51. e3 Rc3 52. Ke2 Bc5 53. Kd2 Bb4 54.
Nxb4 axb4 55. Rxb6+ Ke5 56. Rb5+ Kf6 57. Rxb4 Rc7 58.
a5 Ke5 59. f3 Rc5 60. Ra4 Rb5 61. a6 Rb8 62. a7 Ra8 63. Ra5+ Kd6 64. Kd3 f4 65. exf4 gxf4 66. Ke4 Kc6 67. Kxf4 Kb6 68.
Ra4 Rf8+ 69. Ke5 Re8+ 70. Kd6 Rd8+ 71. Ke7 Ra8 72. f4 Kc6 73. f5 Kd5 74. f6 Ke5 75. f7 1-0

[Event "*** Titled Tuesday Blitz"]
[Site "Chess.com"]
[Date "2019.02.05"]
[Round "2"]
[White "INLOVEWITHF"]
[Black "HElissalt"]
[Result "1/2-1/2"]
[WhiteElo "2270"]
[BlackElo "2078"]
[TimeControl "180+2"]
[EndTime "13:25:02 PST"]
[Termination "Game drawn by agreement"]

1. e4 d6 2. d4 Nf6 3. Nc3 e5 4. Nf3 Nbd7 5. g4 g6 6. g5 Nh5 7. Bh3 Bg7 8. Bg4 exd4 9. Nxd4 Bxd4 10. Qxd4 Ne5 11. Be2 O-O 12. f4 Nc6 13. Qf2 Ng7 14.
Be3 f6 15. h4 Be6 16. O-O-O Qe7 17. Rhg1 f5 18. Nd5 Bxd5 19. exd5 Nb8 20. Bd4 Nd7 21. h5 gxh5 22. g6 Nf6 23. gxh7+ Kh8 24. Bf3 Ng4 25. Bxg4 fxg4 26. Rde1 Qf7 27. c3 Kxh7 28.
Qc2+ Qf5 29. Re7 Qxc2+ 30. Kxc2 Rg8 31. f5 Kh6 32. Be3+ Kh7 33. Rh1 Rgf8 34. Rxh5+ Kg8 35.
Rg5 Rf7 36. Rxf7 Kxf7 37. Bd4 Rg8 38. Rxg4 Nxf5 39. Rf4 Kg6 40. Rg4+ Kf7 41. Rf4 Kg6 42. Rg4+ Kf7 43. Rxg8 Kxg8 44. Bf6 Kf7 45. Bd8 Ne3+ 46. Kb3 Nxd5 47. c4 Ke8 48. Bg5 Ne7 49. Be3 Nc6 50. a4 Kd7 51. Kc3 b6 52. b4 a5 53. bxa5 Nxa5 54.
Kb4 Kc6 55. Bg1 Kb7 56. Bf2 c5+ 57. Kc3 Kc6 58. Bg1 Nb7 59. Bf2 Nd8 60. Bg1 Ne6 61. Bf2 Nf4 62. Be3 Ng6 63. Bg1 Ne7 64. Bf2 d5 65.
cxd5+ Kxd5 66. Bg3 Nc6 67. Bc7 Ne7 68. Bxb6 Kc6 69.
Bxc5 1/2-1/2

[Event "*** Titled Tuesday Blitz"]
[Site "Chess.com"]
[Date "2019.02.05"]
[Round "2"]
[White "IakovUlivar"]
[Black "Jbd735"]
[Result "1-0"]
[WhiteElo "2505"]
[BlackElo "2476"]
[TimeControl "180+2"]
[EndTime "13:25:04 PST"]
[Termination "IakovUlivar won by resignation"]

1. e4 e5 2. Nf3 Nc6 3. Bc4 Bc5 4. d3 Nf6 5. O-O a6 6. a4 h6 7. c3 Ba7 8. Re1 O-O 9. Nbd2 Re8 10. a5 d6 11. h3 Be6 12. Qb3 Rb8 13. Nf1 d5 14. exd5 Bxd5 15. Bxd5 Qxd5 16. Qxd5 Nxd5 17. g3 Rbd8 18.
Kg2 Nf6 19. Be3 Bb8 20. Red1 Rd5 21. b4 Red8 22. Ne1 Ba7 23. Bxa7 Nxa7 24. Ne3 R5d7 25. Nc4 e4 26. d4 Nb5 27. Rdc1 Nd5 28. Ne5 Ndxc3 29.
Nxd7 Rxd7 30. Nc2 Ne2 31. Rd1 Nexd4 32. Nxd4 Rxd4 33. Rxd4 Nxd4 34. Rd1 Nb5 35. Rd8+ Kh7 36. Rd7 f5 37. g4 fxg4 38. hxg4 Kg6 39. Re7 Kf6 40.
Rxe4 Nd6 41. Re3 g5 42. f3 c6 43. Kg3 Nb5 44. f4 gxf4+ 45. Kxf4 Nc7 46. Re4 Nd5+ 47. Kg3 b6 48. axb6 Nxb6 49. Kh4 Nd5 50. Kh5 Kg7 51.
Rc4 Ne7 52. Rc5 Kh7 53. Ra5 Nd5 54. Rxa6 Nxb4 55. Ra7+ Kg8 56. Kxh6 Nd5 57. g5 Ne3 58. Kg6 Kf8 59. Rc7 Nd5 60. Rc8+ Ke7 61. Rxc6 Kd7 62. Ra6 Nf4+ 63. Kf7 Nd3 64. Ra5 Kc6 65. g6 Kb6 66. Rf5 Nb4 67. g7 Nc6 68. Rf6 Kc7 69. Rxc6+ Kxc6 70. g8=Q 1-0

[Event "*** Titled Tuesday Blitz"]
[Site "Chess.com"]
[Date "2019.02.05"]
[Round "2"]
[White "Korchmar_Vasiliy"]
[Black "Cryptochess"]
[Result "1-0"]
[WhiteElo "2758"]
[BlackElo "2543"]
[TimeControl "180+2"]
[EndTime "13:25:09 PST"]
[Termination "Korchmar_Vasiliy won by resignation"]

1. d4 Nf6 2. c4 e6 3. g3 d5 4. Bg2 Be7 5. Nf3 O-O 6. O-O dxc4 7. Ne5 Nc6 8. Bxc6 bxc6 9. Nxc6 Qd6 10. Nxe7+ Qxe7 11. Qc2 Ba6 12. Qa4 Qd6 13. Bf4 Qb6 14.
Na3 Nd5 15. Nxc4 Bxc4 16. Qxc4 Nxf4 17. gxf4 Qxb2 18. Rab1 Qd2 19. e3 Rfc8 20. Rb7 Qa5 21. Rc1 c6 22. Rc2 g5 23. fxg5 Qxg5+ 24. Kf1 Qh5 25.
Qe2 Qxh2 26. Qg4+ Kh8 27. Rxf7 Rg8 28. Qf3 Qg1+ 29. Ke2 Qg6 30. Rxc6 Rab8 31. Qf6+ Qxf6 32. Rxf6 Rb2+ 33. Kd3 Rxa2 34. Rcxe6 Rg2 35. f4 Ra3+ 36. Ke4 Re2 37. Kf3 Re1 38. Re7 Kg8 39. Rc6 Kf8 40. Re5 Rf1+ 41. Ke2 Rh1 42. Rc8+ Kf7 43. Rc7+ Kf6 44.
Rc6+ Kf7 45. Rce6 h5 46. Kf3 Rh3+ 47. Kg2 Rh4 48. Rh6 Ra2+ 49. Kg3 Rg4+ 50. Kf3 Rg1 51. Rhxh5 Rf1+ 52. Ke4 Ra3 53. Rh7+ Kg6 54. Rhe7 a5 55. f5+ Kg5 56. Rg7+ Kf6 57. Rg6+ Kf7 58. Ra6 Re1 59. Ra7+ Kf8 60. Kf3 Rf1+ 61. Kg4 Rg1+ 62. Kf4 a4 63. Rb5 Rf1+ 64. Ke4 1-0

[Event "*** Titled Tuesday Blitz"]
[Site "Chess.com"]
[Date "2019.02.05"]
[Round "2"]
[White "Zq1"]
[Black "Alex_Terzi"]
[Result "1/2-1/2"]
[WhiteElo "2524"]
[BlackElo "2465"]
[TimeControl "180+2"]
[EndTime "13:25:09 PST"]
[Termination "Game drawn by repetition"]

1. d4 Nf6 2. c4 e6 3. g3 d5 4. Bg2 Be7 5. Nf3 O-O 6. Nc3 c6 7. O-O Nbd7 8. b3 b6 9. Bb2 Ba6 10. Nd2 Rc8 11. e4 dxe4 12. Ncxe4 c5 13. dxc5 Nxc5 14.
Nxc5 Bxc5 15. Bxf6 Qxf6 16. Ne4 Qe7 17. Nxc5 bxc5 18.
Qf3 Rfd8 19. Rfd1 g6 20. h4 h5 21. Qe3 Rd6 22. Rxd6 Qxd6 23. Bf3 Qd4 24. Rd1 Qxe3 25. fxe3 Rc7 26. Rd6 Bc8 27. Kf2 Kf8 28. e4 e5 29. Rd5 f6 30. Rd6 Ke7 31. Rd2 Be6 32.
Ke3 Rd7 33. Rxd7+ Kxd7 34. a3 a5 35. Kd3 Bh3 36. Kc3 Kc6 37. b4 axb4+ 38. axb4 Be6 39. Bd1 Kb6 40. Ba4 g5 41. Be8 Bg4 42. b5 Bf3 43. Bg6 Bg4 44. Kd3 Bd1 45. Ke3 Bg4 46. Be8 Bd1 47. Bd7 Bb3 48. Be6 Bd1 49. Bf7 Bg4 50. Bg6 Kc7 51. Be8 Kb6 52. Bg6 Kc7 53. Bf5 Bd1 54.
g4 gxh4 55. gxh5 Bxh5 56. Be6 Kb6 57. Kf2 Bg6 58. Bd5 Be8 59. Kg2 Bd7 60. Kh2 Ka5 61. Kg2 Bg4 62. Kh2 Bd7 63. Kg2 Kb6 64. Kh2 f5 65. Kh3 fxe4+ 66. Kxh4 e3 67. Kg3 Bg4 68.
Be4 Be2 69. Bd5 e4 70. Kf4 Bd3 71. Kxe3 Kc7 72. Kd2 Kb6 73. Kc3 Kc7 74. Bf7 Kb6 75.
Bh5 Kc7 76. Bd1 Kb6 77. Bc2 Bf1 78. Bxe4 Bh3 79. Bd5 Bd7 80. Bc6 Bxc6 81. bxc6 Kxc6 82.
Kd3 Kd6 83. Ke4 Ke6 84. Kf4 Kf6 85. Ke4 Ke6 86. Kf4 Kf6 87. Ke4 Ke6 88. Kf4 Kf6 1/2-1/2

[Event "*** Titled Tuesday Blitz"]
[Site "Chess.com"]
[Date "2019.02.05"]
[Round "2"]
[White "ecwinslow"]
[Black "mjray79"]
[Result "0-1"]
[WhiteElo "1990"]
[BlackElo "2080"]
[TimeControl "180+2"]
[EndTime "13:25:10 PST"]
[Termination "mjray79 won by resignation"]

1. d4 Nf6 2. c4 g6 3. Nc3 Bg7 4. e4 d6 5. Be2 O-O 6. Nf3 c5 7.
d5 Bg4 8. O-O Nbd7 9. h3 Bxf3 10. Bxf3 a6 11. a4 Ne8 12. Qc2 Bd4 13. Ne2 Bg7 14. Ng3 Nc7 15. Be2 Rb8 16. a5 b5 17.
axb6 Rxb6 18. f4 Qb8 19. Ra2 Bd4+ 20. Kh1 Qb7 21. Bd1 Rb8 22. b3 e6 23. Bb2 exd5 24. exd5 Re8 25. f5 Re3 26. Bxd4 cxd4 27. Qf2 Ne5 28. fxg6 hxg6 29. Kh2 Ne8 30. Qf4 Rd3 31. Be2 Rdxb3 32. Qxd4 Ng7 33. c5 R6b4 34. Qf2 dxc5 35. Qxc5 Qb8 36. d6 Nd7 37. Qd5 Qe8 38. Bg4 Nb6 39.
d7 Nxd5 40. dxe8=Q+ Nxe8 41. Rxa6 Ne3 42. Re1 Nxg4+ 43.
hxg4 Ng7 44. Ra8+ Kh7 45. Ra7 Rxg4 46. Rxf7 Rbxg3 47. Ree7 Rxg2+ 48. Kh3 R2g3+ 49. Kh2 Rg2+ 50. Kh1 Rg1+ 51. Kh2 R4g2+ 52. Kh3 Rg3+ 53. Kh2 R1g2+ 54. Kh1 Ra2 55. Rxg7+ Kh6 56. Rh7+ Kg5 57. Re6 Rf3 58. Kg1 Rf6 59. Rxf6 Kxf6 60. Rh2 Rxh2 61. Kxh2 Kf5 62.
Kg2 Kg4 63. Kf2 Kh3 64. Kg1 Kg3 65. Kf1 Kh2 66. Kf2 g5 67. Kf3 Kh3 68. Kf2 g4 69. Kg1 Kg3 70. Kh1 Kf2 71. Kh2 g3+ 72. Kh3 g2 0-1

[Event "*** Titled Tuesday Blitz"]
[Site "Chess.com"]
[Date "2019.02.05"]
[Round "2"]
[White "GMsKoRPioN"]
[Black "Gordima"]
[Result "1-0"]
[WhiteElo "2552"]
[BlackElo "2683"]
[TimeControl "180+2"]
[EndTime "13:25:24 PST"]
[Termination "GMsKoRPioN won by resignation"]

1. d4 g6 2. c4 Bg7 3. Nc3 c5 4. d5 Bxc3+ 5. bxc3 f5 6. e4 fxe4 7. h4 Nf6 8. Be2 d6 9. h5 Rg8 10. hxg6 hxg6 11. Qc2 Nbd7 12. g4 g5 13. Nh3 Ne5 14. Nxg5 Bxg4 15. Nxe4 Qd7 16. Nxf6+ exf6 17. Rh7 Qf5 18.
Qxf5 Bxf5 19. Rxb7 Rg1+ 20. Kd2 Rg2 21. Ke3 O-O-O 22. Rxa7 Kb8 23. Re7 Ng6 24. Bf3 Rh2 25. Re6 Bxe6 26. dxe6 Kc7 27. Be4 Ne7 28. Rb1 Rb8 29.
Rxb8 Kxb8 30. a4 Rh3+ 31. f3 Rh1 32. Kd2 Rh2+ 33. Kd3 Ra2 34. Bf4 Kc7 35. Bh6 Rxa4 36. Bf8 Kd8 37. f4 Ra1 38. f5 Rf1 39. Ke2 Rg1 40.
Bh6 Nc6 41. Bxc6 Ke7 42. Be3 Rg4 43. Kd3 Rh4 44. Be4 Rg4 45. Bf3 Rg3 46. Ke4 Rh3 47. Bf4 Rh4 48. Ke3 Rh3 49. Kf2 Rh4 50. Kg3 Rh8 51.
Kf2 Rh4 52. Ke3 Rh3 53. Ke4 Rh4 54. Bd1 Rh3 55. Be3 Rh4+ 56. Kd5 Rh3 57. Ke4 Rh4+ 58.
Bf4 Rh3 59. Be2 Rh4 60. Kf3 Rh3+ 61. Bg3 Rh8 62. Bf1 Rh1 63. Bd3 Rh3 64. Kf4 Rh1 65.
Ke4 Rh3 66. Bf4 Rh4 67. Be2 Rh2 68. Bxh2 1-0

[Event "*** Titled Tuesday Blitz"]
[Site "Chess.com"]
[Date "2019.02.05"]
[Round "2"]
[White "MikeSailer"]
[Black "AsaHoffmann"]
[Result "1/2-1/2"]
[WhiteElo "2120"]
[BlackElo "2211"]
[TimeControl "180+2"]
[EndTime "13:25:26 PST"]
[Termination "Game drawn by agreement"]

1. b4 d6 2. Bb2 e5 3. e3 Nf6 4.
Nf3 Nbd7 5. Be2 Be7 6. O-O c6 7. a4 O-O 8. b5 e4 9. Nd4 c5 10. Nf5 Ne5 11. Nxe7+ Qxe7 12. d3 Bf5 13. dxe4 Nxe4 14. Nd2 Rad8 15. Nxe4 Bxe4 16. f3 Bg6 17. Qd5 Bxc2 18. e4 c4 19. Bxc4 Nxc4 20. Qxc4 Rc8 21. Qd4 f6 22. Qxa7 Rc4 23. a5 Rfc8 24. a6 R4c7 25. b6 Rd7 26. axb7 Rxb7 27. Qa2+ Qf7 28. Qxf7+ Kxf7 29. Bd4 Bb3 30. Ra7 Rb8 31. Rxb7+ Rxb7 32.
Rb1 Be6 33. Rb5 Ke7 34. Kf2 Kd7 35. Ra5 Kc6 36. Ra8 d5 37. e5 fxe5 38. Bxe5 Rxb6 39. Bxg7 Bf5 40. Bd4 Rb4 41. Ra6+ Kb5 42. Rb6+ Kc4 43. Rxb4+ Kxb4 44. g4 Bg6 45. h4 Kc4 46. Ke3 Kb5 47. h5 Bf7 48. Kf4 Kc6 49. Ke5 Kd7 50. Kf6 Ke8 51.
Bc5 d4 52. Bxd4 Bd5 53. f4 Kf8 54. g5 Kg8 55. g6 Be4 56. gxh7+ Kxh7 57. Kg5 Bd5 58.
f5 Bf7 59. Be5 Be8 60. Bf4 Bf7 61. h6 Be8 62. Kf6 Bd7 63. Bg5 Bc8 64. Ke5 Bd7 65. f6 Be8 66. Ke6 Kg6 67. Ke7 Bf7 68. Kf8 Bd5 69. Ke8 Bc4 70. Ke7 Bb3 71. Kf8 Bc4 72. Ke7 Bb3 73. Bf4 Bc4 74. Be3 Bb3 75. Bd2 Bc4 1/2-1/2

[Event "*** Titled Tuesday Blitz"]
[Site "Chess.com"]
[Date "2019.02.05"]
[Round "2"]
[White "rasmussvane"]
[Black "Denis_Makhnyov"]
[Result "1/2-1/2"]
[WhiteElo "2733"]
[BlackElo "2676"]
[TimeControl "180+2"]
[EndTime "13:25:27 PST"]
[Termination "Game drawn by stalemate"]

1. Nf3 Nf6 2. c4 c5 3. Nc3 b6 4. g3 Bb7 5. Bg2 e6 6. O-O Be7 7. d4 cxd4 8. Qxd4 d6 9. Bg5 a6 10. Bxf6 Bxf6 11. Qf4 O-O 12. Rfd1 Be7 13. Ne4 Bxe4 14.
Qxe4 Ra7 15. Nd4 Rc7 16. b3 Rc5 17. a4 Qc7 18. e3 Bf6 19. Qb1 g6 20. Ra2 Rc8 21.
Rad2 Qe7 22. Qa2 Kg7 23. Ne2 Rd8 24. Nf4 Rc7 25. Ne2 Nc6 26. Qa3 Ne5 27. a5 bxa5 28. Qxa5 Rb8 29. Nd4 Ra7 30. h3 Qc7 31. Qa3 Qc5 32. Qa2 Rb6 33. Ne2 h5 34. Qc2 Qb4 35.
Nd4 Rc7 36. Qa2 Rc5 37. Rc2 Ra5 38. Qb1 Rc5 39. Qc1 Nd7 40. Ra2 Rc7 41. Ra4 Qc5 42.
Qa3 Qxa3 43. Rxa3 Nc5 44. Rb1 Nd3 45. Bf3 Rxc4 46. Be2 Rc3 47. Bxd3 Rxd3 48. Ne2 d5 49.
Kf1 Be7 50. Ra2 Rdxb3 51. Rxb3 Rxb3 52. Rxa6 Bf6 53. Ra2 Rb2 54. Rxb2 Bxb2 55. Nf4 Kf6 56. Ke2 Be5 57. Nd3 Bd6 58. Kf3 e5 59. e4 Ke6 60.
g4 f5 61. gxf5+ gxf5 62. exd5+ Kxd5 63. Ke2 e4 64. Ne1 Kc4 65. f3 Bf4 66. fxe4 fxe4 67. Nf3 Kd5 68. Kf2 Ke6 69. Ng1 Ke5 70. Ne2 h4 71.
Nc3 e3+ 72. Kf3 Bg5 73. Nd1 Kd4 74. Nxe3 Bxe3 75. Kg2 Ke4 76. Kh1 Kf3 77. Kh2 Bf2 78. Kh1 Be3 79. Kh2 Bf4+ 80. Kh1 Kg3 81. Kg1 Kxh3 82.
Kh1 Kg3 83. Kg1 h3 84. Kh1 h2 1/2-1/2

[Event "*** Titled Tuesday Blitz"]
[Site "Chess.com"]
[Date "2019.02.05"]
[Round "2"]
[White "murmah2003"]
[Black "Dr-Bassem"]
[Result "1-0"]
[WhiteElo "2669"]
[BlackElo "2761"]
[TimeControl "180+2"]
[EndTime "13:25:40 PST"]
[Termination "murmah2003 won by resignation"]

1. d4 e6 2. c4 f5 3. Nf3 Nf6 4. g3 Be7 5. Bg2 O-O 6. O-O d6 7. Nc3 Qe8 8. Re1 Ne4 9. Qc2 Qg6 10. b3 Nc6 11. Bb2 Bf6 12. Rad1 Bd7 13. a3 Rae8 14. d5 Nd8 15. Nb5 Bxb2 16. Qxb2 Bxb5 17. cxb5 e5 18. Qc2 Re7 19. Nh4 Qf6 20. Bxe4 fxe4 21. Rf1 g5 22. Ng2 Qg6 23. f3 exf3 24. Qxg6+ hxg6 25. Rxf3 Rxf3 26. exf3 Rf7 27. Kf2 e4 28. f4 gxf4 29. gxf4 Re7 30. Rg1 Rh7 31. h4 Re7 32. Ne3 Kh7 33. b4 Nf7 34. Ng4 Nh6 35. Nxh6 Kxh6 36. Ke3 Re8 37. Rg5 Re7 38. f5 gxf5 39. Rxf5 Kg6 40. Rg5+ Kf6 41. a4 b6 42. Rg4 Re5 43. Rf4+ Kg6 44. Rxe4 Rxd5 45. Re7 Rh5 46. Rxc7 Rxh4 47. Rxa7 Rxb4 48. Ra6 Kf5 49. Kd3 d5 50. Kc3 Rc4+ 51. Kb3 Rc1 52. Rxb6 d4 53. Rd6 Ke4 54. a5 d3 55. a6 Rb1+ 56.
Ka4 Ke3 57. b6 d2 58. b7 Rb6 59. Rxd2 Kxd2 60. Ka5 Rb1 61. a7 Rxb7 62. a8=Q Rb2 63. Qd5+ Kc1 64. Ka4 Kb1 65. Qc4 Rc2 66. Qd4 Kc1 67.
Kb3 Rc8 68. Qf4+ Kd1 69. Qg4+ 1-0

[Event "*** Titled Tuesday Blitz"]
[Site "Chess.com"]
[Date "2019.02.05"]
[Round "2"]
[White "Annawel"]
[Black "Ali_rastbod"]
[Result "0-1"]
[WhiteElo "2939"]
[BlackElo "2627"]
[TimeControl "180+2"]
[EndTime "13:25:50 PST"]
[Termination "Ali_rastbod won by resignation"]

1. e4 e6 2. d4 d5 3. exd5 exd5 4. Nf3 Bd6 5. c4 Nf6 6. c5 Be7 7. Qa4+ c6 8. Bd3 O-O 9. O-O Ne4 10. Nc3 Bf5 11. Qc2 Na6 12. a3 Re8 13. Re1 Bf6 14. Nxe4 dxe4 15. Bxe4 Qe7 16. Ne5 Bxe5 17. Bxf5 Bxh2+ 18. Kxh2 Qh4+ 19. Bh3 Rxe1 20. Bg5 Qe4 21. Qxe4 Rxe4 22.
Be3 Nc7 23. Bf5 Ree8 24. Bf4 Nd5 25. Be5 f6 26. Bd6 g6 27. Bh3 Re2 28. Kg3 Rxb2 29. Re1 Kg7 30. a4 f5 31. f3 Kf7 32. Kh4 Re8 33.
Rh1 h6 34. Kg3 Ne3 35. Bf4 Nd5 36. Bxh6 Rh8 37. Bg5 Rb4 38. Rd1 Rxa4 39. Rb1 b5 40. cxb6 axb6 41. Rc1 Rxd4 42. Rxc6 Rb8 43. Rd6 b5 44.
Rd7+ Ke6 45. Rg7 b4 46. Rxg6+ Kf7 47. Bxf5 Rg8 48. Rxg8 Kxg8 49. Bc2 Nc3 50. Bf6 Rd2 51. Bb3+ Kf8 52. Be5 Ne2+ 53. Kg4 Nc1 54. Bc4 b3 55. Bc3 Rxg2+ 56. Kh3 b2 57. Kxg2 b1=Q 58. Kg3 Qg6+ 59.
Kh3 Qf5+ 60. Kg3 Nd3 61. Bd2 Qe5+ 62. Kh3 Nf4+ 63. Kg4 Ne6 64. Bh6+ Ke7 65. f4 Qe4 66. Bxe6 Kxe6 67. Bg5 Qf5+ 68. Kf3 Kd5 69. Kg3 Ke4 70. Kh4 Kf3 71. Kh5 Qh7+ 72. Bh6 Ke4 73. Kg5 Qf5+ 74.
Kh4 Kf3 0-1

[Event "*** Titled Tuesday Blitz"]
[Site "Chess.com"]
[Date "2019.02.05"]
[Round "2"]
[White "psychokiller48"]
[Black "playerorkinyo"]
[Result "1/2-1/2"]
[WhiteElo "2602"]
[BlackElo "2340"]
[TimeControl "180+2"]
[EndTime "13:25:55 PST"]
[Termination "Game drawn by agreement"]

1. e4 c6 2. d4 d5 3. exd5 cxd5 4. Bf4 Nc6 5. Na3 a6 6. c3 Nf6 7. Nc2 g6 8. Bd3 Bg7 9. Nf3 O-O 10. h4 Nh5 11.
Bh2 Qb6 12. Rb1 e6 13. Ne3 Bd7 14. g4 Nf6 15. h5 Rae8 16. Bd6 Ne7 17. Be5 Nc6 18.
Bd6 Ne7 19. Bc5 Qc7 20. Ne5 Ne4 21. Bxe4 dxe4 22. N3c4 Bb5 23. Bb6 Qb8 24. a4 Bxc4 25.
Nxc4 Rc8 26. Ne3 Nd5 27. Nxd5 exd5 28. Qd2 Rfe8 29. Qe3 Qd6 30. Bc5 Qe6 31. Rg1 b6 32. Ba3 a5 33. Kf1 h6 34. g5 hxg5 35. hxg6 f6 36.
Rh1 Qf5 37. Qh3 Qxg6 38. Re1 f5 39. Qh2 f4 40. Rg1 Bf6 41. Qh3 Rc7 42. Qg4 Kg7 43.
Rh1 e3 44. fxe3 fxe3 45. Kg2 Rf7 46. Rhf1 Re4 47. Qf3 g4 48. Qg3 e2 49. Rf2 Be7 50.
Rfxe2 Rxe2+ 51. Rxe2 Bxa3 52. bxa3 Rf3 53. Qe5+ Kh7 54.
Qc7+ Rf7 55. Qh2+ Kg7 56. Qe5+ Qf6 57. Qxf6+ Rxf6 58. Re5 Rc6 59. Rxd5 Rxc3 60. Rb5 Rxa3 61. Rxb6 Rxa4 62. d5 Rd4 63. Rb5 a4 64. Ra5 Kf6 65. Kf2 Ke5 66. Ke3 Rb4 67. Rc5 Rb3+ 68. Kf2 a3 69. Ra5 Rf3+ 70. Kg2 Rd3 71. Ra4 g3 72. Ra5 Kd6 73. Kg1 Ke5 74. Kg2 Kd6 75. Kh3 Ke5 1/2-1/2

[Event "*** Titled Tuesday Blitz"]
[Site "Chess.com"]
[Date "2019.02.05"]
[Round "2"]
[White "Sosat98"]
[Black "Zaven_ChessMood"]
[Result "1/2-1/2"]
[WhiteElo "2585"]
[BlackElo "2861"]
[TimeControl "180+2"]
[EndTime "13:26:00 PST"]
[Termination "Game drawn - insufficient material"]

1. e4 c5 2. Nf3 d6 3. d4 cxd4 4. Nxd4 Nf6 5. Nc3 a6 6. Bg5 Nbd7 7. Qf3 e6 8. O-O-O Qc7 9. Qg3 h6 10. Be3 b5 11. Bd3 b4 12. Nce2 Bb7 13. Qh4 Be7 14. Qg3 Nxe4 15. Nxe6 fxe6 16. Qg6+ Kf8 17. Bxe4 Ne5 18. Nd4 Nxg6 19. Nxe6+ Kf7 20. Nxc7 Bxe4 21.
Nxa8 Rxa8 22. Rd4 Bxg2 23. Rg1 Bh3 24. Rxb4 Ne5 25. Rb7 Bf5 26. c3 g5 27. Rg3 Ke6 28.
Bd4 Bf6 29. Re3 g4 30. Kd1 Bg5 31. Re1 Bf4 32. Rb6 h5 33. Bc5 Rd8 34. Rxa6 Bxh2 35. Bb6 Rd7 36. Bd4 Bf4 37. a4 h4 38. a5 h3 39. Ra8 h2 40. a6 Rh7 41. Re8+ Kd5 42. a7 Rxa7 43. Bxa7 Nf3 44. Rh1 Be5 45. Ke2 Be4 46.
Ke3 Nd2 47. Rd1 h1=Q 48. c4+ Kxc4 49. Rxh1 Bxh1 50. Kxd2 g3 51. fxg3 Bxg3 52. Be3 Be5 53. Kc1 Bc6 54. Rc8 Kd5 55. Bd2 Bd7 56. Rf8 Kc4 57. Rf3 Bc6 58. Rh3 Be4 59. b3+ Kb5 60.
Bc3 Bf4+ 61. Kb2 d5 62. Bd4 Bd6 63. Rh6 Bb4 64. Rb6+ Ka5 65. Rb8 Bd6 66. Ra8+ Kb5 67. Rd8 Bc7 68. Rg8 Kc6 69. Kc3 Kb5 70. Rg7 Ba5+ 71.
Kb2 Kc6 72. Rf7 Bb4 73. Rf6+ Kc7 74. Rb6 Bd6 75. Ra6 Bb4 76. Ra4 Be1 77. b4 Kc6 78. Ka3 Kb5 79. Ra5+ Kc4 80. Bc5 d4 81. Ra7 d3 82.
Rd7 d2 83. Be3 Bd5 84. Bxd2 Bxd2 85. Rxd5 Bxb4+ 86. Ka4 Kxd5 1/2-1/2